 Dungeon Crawl Stone Soup version 0.16.1-30-g34a7ffa (webtiles) character file.

596333 ztt the Axe Maniac (level 26, -4/258 HPs)
             Began as a Minotaur Fighter on June 23, 2015.
             Was the Champion of Okawaru.
             Slain by an azure jelly (26 damage)
             ... created by the royal jelly
             ... on level 6 of the Pits of Slime on June 25, 2015.
             The game lasted 02:27:56 (63338 turns).

ztt the Axe Maniac (Minotaur Fighter)              Turns: 63338, Time: 02:27:56

Health: -4/258     AC: 17    Str: 45    XL:     26   Next: 36%
Magic:  25/27      EV: 14    Int:  6    God:    Okawaru [******]
Gold:   5440       SH: 20    Dex: 16    Spells: 0 memorised, 25 levels left

rFire  . . .     SeeInvis .     e - +10 broad axe "Perrirphe" {pain, rElec rN++ Str+4 Int-3}
rCold  . . .     Clarity  .     U - +4 crystal plate armour
rNeg   + + .     SustAb   .     c - +0 shield
rPois  +         Gourm    .     Q - +2 hat {Int+3}
rElec  +         Spirit   .     Z - +2 cloak
rCorr  +         Warding  .     T - +2 pair of gloves {Str+3}
rMut   .         Stasis   .     g - +0 pair of boots of Okawaru's Favour {Str+6 Dex+2}
MR     +++..                    C - amulet of resist corrosion
Stlth  ..........               G - ring of the Mage {Wiz MR++ Int+3}
                                l - ring "Shriteta" {rPois MP+9 Str+3}

@: finesse, corroded equipment, extremely resistant to hostile enchantments,
extremely unstealthy
A: retaliatory headbutt, horns 2, deterioration 2, dopey 1, low mp 2, no device
heal 1, placid magic 1
a: Heroism, Finesse, Renounce Religion
}: 3/15 runes: decaying, serpentine, silver


You were on level 6 of the Pits of Slime.
You worshipped Okawaru.
Okawaru was exalted by your worship.
You were not hungry.

You visited 10 branches of the dungeon, and saw 57 of its levels.
You visited the Abyss 1 time.

You collected 7676 gold pieces.
You spent 2236 gold pieces at shops.

Inventory:

Hand weapons
 e - the +10 broad axe "Perrirphe" (weapon) {pain, rElec rN++ Str+4 Int-3}
   (Okawaru gifted it to you on level 4 of the Depths)

   In the hands of one skilled in necromantic magic, it inflicts extra damage on
   living creatures.
   It affects your strength (+4).
   It affects your intelligence (-3).
   It insulates you from electricity.
   It greatly protects you from negative energy.
 E - a +3 triple crossbow of evasion
 X - a +5 vampiric executioner's axe
Missiles
 q - 496 bolts
 w - 67 silver bolts
 B - 37 bolts of penetration
 O - 45 steel bolts
Armour
 c - a +0 shield (worn)
 g - the +0 pair of boots of Okawaru's Favour (worn) {Str+6 Dex+2}
   (Okawaru gifted it to you on level 2 of the Depths)

   It affects your strength (+6).
   It affects your dexterity (+2).
 N - a +2 hat of magic resistance
 Q - a +2 hat of intelligence (worn)
 T - a +2 pair of gloves of strength (worn)
 U - a +4 crystal plate armour (worn)
 Z - a +2 cloak (worn)
Jewellery
 h - an uncursed amulet of resist mutation
 l - the ring "Shriteta" (left hand) {rPois MP+9 Str+3}
   (You found it on level 1 of the Snake Pit)

   [ring of poison resistance]

   It affects your strength (+3).
   It protects you from poison.
   It affects your magic capacity (+9).
 r - an uncursed ring of flight
 y - an uncursed ring of protection from cold
 z - an uncursed amulet of regeneration
 C - an amulet of resist corrosion (around neck)
 G - the ring of the Mage (right hand) {Wiz MR++ Int+3}
   (You took it off a deep elf fighter on level 3 of the Elven Halls)

   [ring of wizardry]

   It improves your spell success rate.
   It affects your intelligence (+3).
   It affects your resistance to hostile enchantments.
 M - a +4 ring of strength
Magical devices
 n - a wand of hasting (5)
 o - a wand of hasting (6)
 v - a wand of teleportation (5)
 L - a wand of disintegration (22)
 R - a wand of heal wounds (6)
Scrolls
 a - 7 scrolls of recharging
 i - 7 scrolls of teleportation
 m - a scroll of enchant weapon
 t - 4 scrolls of identify
 x - 10 scrolls of magic mapping
 D - 15 scrolls of remove curse
 I - 5 scrolls of blinking
 K - 9 scrolls of fear
 P - 10 scrolls of fog
 W - 2 scrolls of silence
Potions
 b - 5 potions of magic
 f - 3 potions of resistance
 j - 6 potions of heal wounds
 p - 10 potions of haste
 s - 9 potions of brilliance
 u - 7 potions of restore abilities
 A - 5 potions of cure mutation
 F - 2 potions of agility
 H - 6 potions of flight
 J - 9 potions of berserk rage
 S - 22 potions of curing
 V - a potion of might
Comestibles
 d - 8 bread rations
 k - 26 meat rations


   Skills:
 + Level 25.3 Fighting
 O Level 27 Axes
   Level 0.5(18.7) Maces & Flails
 * Level 17.1 Crossbows
 * Level 20.2 Armour
 + Level 9.4 Dodging
 + Level 2.8 Stealth
 + Level 23.8 Shields
 + Level 4.4 Invocations
 + Level 0.6 Evocations


You had 25 spell levels left.
You didn't know any spells.

Dungeon Overview and Level Annotations

Branches:
Dungeon (15/15)            Temple (1/1) D:7            Lair (8/8) D:8
  Swamp (5/5) Lair:4        Snake (5/5) Lair:5        Slime (6/6) Lair:6
    Orc (4/4) D:9             Elf (3/3) Orc:3        Vaults (5/5) D:14
  Crypt (0/3) Vaults:2     Depths (5/5) D:15            Zot (0/5) Depths:5

Altars:
Ashenzari
Cheibriados
Dithmenos
Elyvilon
Fedhas
Gozag
Kikubaaqudgha
Makhleb
Nemelex Xobeh
Okawaru
Qazlal
Ru
Sif Muna
Trog
Vehumet
Xom
Yredelemnul
Zin
The Shining One
Beogh
Jiyva

Shops:
D:9 *   D:11 !   Orc:4 *=[*   Elf:1 :   Vaults:2 *   Vaults:3 :   Vaults:4 (
Vaults:5 (

Portals:
Hell: Depths:1 Depths:2 Depths:3 Depths:4 Depths:5
Abyss: Depths:4
Pandemonium: Depths:3
Ziggurat: Depths:4

Annotations:
D:4 1 runed door
Depths:5 3 runed doors


Innate Abilities, Weirdness & Mutations

You reflexively headbutt those who attack you in melee.
You have a pair of horns on your head.
Your body is deteriorating.
You are dopey. (Int -2)
Your magical capacity is very low (-20% MP).
Potions and wands are less effective at restoring your health.
Your spells are a little easier to cast, but a little less powerful.


Message History

The azure jelly is moderately wounded.
You completely miss the azure jelly.
The azure jelly is severely wounded.
You cut the azure jelly into ribbons!!!
You kill the azure jelly!
That felt strangely unrewarding.
You hit the azure jelly.
The azure jelly is moderately wounded.
You slash the azure jelly!
The azure jelly is severely wounded.
You slice the death ooze!!
The death ooze is severely damaged.
You block the azure jelly's attack. x3
The azure jelly barely misses you. The azure jelly hits you.
* * * LOW HITPOINT WARNING * * *
The azure jelly freezes you!!!
* * * LOW HITPOINT WARNING * * *
The azure jelly hits you.
* * * LOW HITPOINT WARNING * * *
The azure jelly freezes you!!
You die...

..... ...........
.............
.................
.....................
.......................
........................
...............JJJ.......
................@J.......
..............#####.####.
.............##)##..##!#
............##?)"#.##$(=
...........##[[$##J.##?}
..........##(=}))##.#$)
..........##?[)$##..##
..........# #$[#)#.##
..........# ###


You could see 3 azure jellies, a slime creature and a death ooze.

Vanquished Creatures
  the royal jelly (Slime:6)
  An ancient lich (Vaults:5)
  Boris (Vaults:3)
  the Lernaean hydra (Swamp:5)
  Saint Roka (Orc:4)
  Mennas (Depths:4)
  2 golden dragons
  Jory (Vaults:3)
  Xtahua (Vaults:3)
  3 bone dragons (Depths:5)
  An Ice Fiend (Vaults:5)
  2 tentacled monstrosities (Vaults:5)
  2 deep elf blademasters (Elf:3)
  7 liches
  2 deep elf master archers (Elf:3)
  Asterion (Elf:3)
  5 titans
  14 acid blobs
  An Executioner (Vaults:5)
  An eldritch tentacle (Vaults:5)
  3 octopode crushers (Depths:1)
  7 sphinxes
  Agnes (Swamp:3)
  A thorn hunter (Swamp:5)
  Kirke (Swamp:4)
  7 storm dragons
  8 shadow dragons
  Roxanne (Swamp:3)
  6 tengu reavers
  8 greater nagas
  11 azure jellies
  Donald (Vaults:4)
  Wiglaf (Swamp:4)
  7 vault wardens
  3 orc warlords
  An iron dragon (shapeshifter) (Depths:4)
  A draconian scorcher (Depths:5)
  A ghost moth (shapeshifter) (Vaults:5)
  3 iron dragons
  7 fire giants
  Aizul (Snake:3)
  6 emperor scorpions
  9 deep elf sorcerers
  11 frost giants
  17 ironheart preservers
  Jorgrun (Vaults:1)
  A draconian annihilator (Depths:5)
  A war gargoyle (Vaults:5)
  2 spriggan defenders (Depths:2)
  19 stone giants
  18 very ugly things
  A draconian caller (Depths:5)
  2 grey draconians (Depths:5)
  10 deep elf demonologists
  Azrael (Elf:2)
  6 dire elephants
  3 black draconians (Depths:5)
  12 deep elf annihilators
  3 pale draconians (Depths:5)
  2 purple draconians (Depths:5)
  4 vampire knights
  2 mottled draconians (Depths:5)
  A yellow draconian (Depths:5)
  3 green draconians
  2 white draconians (Depths:5)
  9 deep elf death magi
  2 green deaths
  A crystal guardian (Vaults:2)
  4 death oozes (Slime:6)
  10 great orbs of eyes
  2 minotaurs
  10 rakshasas
  9 fire dragons
  11 yaktaur captains
  6 deep elf high priests
  10 ettins
  30 hydras
  Fannar (Lair:2)
  7 ice dragons
  30 vault guards
  15 naga warriors
  13 ogre magi
  7 anacondas
  Erica (D:14)
  4 catoblepae
  14 centaur warriors
  3 ghost crabs
  17 deep troll shamans
  A ghost crab (shapeshifter) (Elf:3)
  11 alligators
  2 spriggan air magi (Depths:3)
  2 hell beasts
  15 dancing weapons (Elf:2)
  22 death yaks
  4 orc high priests
  6 spriggan berserkers
  10 deep troll earth magi
  2 hell hogs (Depths:1)
  6 shock serpents
  22 naga sharpshooters
  A sun demon (Depths:3)
  A vampire mage (Depths:1)
  The ghost of Razmath the Covert, a powerful SpAs of Dithmenos (Elf:1)
  A shock serpent (shapeshifter) (Depths:2)
  A tengu warrior (Depths:3)
  10 spriggans
  2 small abominations
  35 deep elf knights
  An ice devil (Vaults:2)
  6 iron trolls
  7 skeletal warriors
  3 salamander mystics
  12 hell knights
  An infernal demonspawn (Depths:3)
  18 swamp dragons
  6 deep elf summoners
  12 naga ritualists
  4 unseen horrors
  A shadow wraith (Vaults:3)
  5 spriggan druids
  A wizard (D:14)
  3 flayed ghosts
  A gelid demonspawn (Depths:3)
  42 deep trolls
  3 shambling mangroves
  18 orc knights
  2 large abominations (Vaults:5)
  Pikel (D:5)
  18 deep elf conjurers
  An unseen horror (shapeshifter) (Vaults:1)
  7 hill giants
  3 shining eyes
  16 ironbrand convokers
  2 giant orange brains
  5 wolf spiders
  7 cyclopes
  A necromancer (Vaults:2)
  A shadow demon (Elf:1)
  4 orc sorcerers
  9 mana vipers
  A salamander (shapeshifter) (Vaults:3)
  A spectral alligator (Swamp:5)
  77 ugly things
  4 sixfirhies
  4 phantasmal warriors
  3 griffons
  9 vault sentinels
  4 oklob plants
  An elephant (shapeshifter) (Vaults:5)
  17 elephants
  8 hornets
  8 manticores
  6 guardian serpents
  An eye of devastation (Slime:6)
  9 salamanders
  A water nymph (shapeshifter) (Elf:2)
  3 centaur zombies
  Joseph (D:12)
  An octopode (shapeshifter) (Vaults:3)
  4 torpor snails
  An orange demon (Elf:3)
  20 naga magi
  An orange crystal statue (Vaults:1)
  A yaktaur zombie (Depths:1)
  31 spiny frogs
  Psyche (D:9)
  4 centaur skeletons
  A tormentor (Elf:3)
  2 rust devils
  5 spectral swamp worms (Depths:5)
  57 black mambas
  3 gargoyles
  An eye of devastation (shapeshifter) (Elf:3)
  14 komodo dragons
  A demonic crawler (Vaults:3)
  A kobold demonologist (Vaults:1)
  33 yaktaurs
  9 trolls
  3 fire drakes
  A polar bear (Lair:3)
  3 hellwings
  2 blue devils (Elf:3)
  2 tengu conjurers
  6 freezing wraiths
  9 giant leeches
  2 jumping spiders
  14 deep elf priests
  A jumping spider (shapeshifter) (Elf:2)
  2 queen bees (shapeshifter)
  A raiju (shapeshifter) (Vaults:1)
  92 slime creatures
  A stone giant simulacrum (Vaults:2)
  28 two-headed ogres
  9 bog bodies
  3 basilisks
  A two-headed ogre (shapeshifter) (Elf:1)
  6 boulder beetles
  25 blink frogs
  23 ravens
  5 baby alligators (Swamp:3)
  11 redbacks
  A wraith (D:15)
  4 shadows
  5 wyverns
  A centaur simulacrum (D:14)
  2 tarantellas (shapeshifter)
  6 water elementals
  5 vampires
  2 humans
  A redback (shapeshifter) (Vaults:5)
  A yaktaur simulacrum (Vaults:3)
  Eustachio (D:9)
  32 deep elf magi
  A steam dragon (D:12)
  5 fire elementals (Elf:2)
  2 hogs (shapeshifter)
  2 hogs (Swamp:4)
  6 hungry ghosts
  41 yaks
  5 golden eyes (Slime:2)
  A mottled dragon (D:14)
  13 hippogriffs
  17 insubstantial wisps
  6 wolves
  88 nagas
  52 deep elf fighters
  25 vampire mosquitoes
  39 swamp worms
  5 porcupines
  12 hell hounds
  50 water moccasins
  4 wargs
  18 ice beasts
  21 swamp drakes
  A soldier ant (D:13)
  3 slaves (D:5)
  6 black bears
  2 spiders (Lair:8)
  2 necrophages
  12 wasps
  64 ogres
  3 eyes of draining
  31 orc warriors
  A boring beetle (Lair:7)
  16 centaurs
  6 phantoms
  6 sky beasts
  14 boggarts
  14 crocodiles
  Sigmund (D:3)
  3 big kobolds
  A brain worm (shapeshifter) (Vaults:5)
  2 brain worms
  17 giant frogs
  A gnoll sergeant (D:12)
  2 scorpions
  23 killer bees
  11 wights
  An electric eel (Lair:3)
  A giant frog zombie (D:12)
  7 crimson imps
  5 goliath beetles
  16 jellies
  A gnoll shaman (D:9)
  10 hounds
  36 orc priests
  3 giant frog skeletons
  A quasit (D:9)
  Natasha (thrice) (D:6)
  10 iguanas
  13 hell rats
  11 worker ants
  A killer bee zombie (D:11)
  29 orc wizards
  21 sheep
  A hound zombie (D:10)
  8 ogre zombies (D:9)
  2 hound skeletons (D:6)
  2 mummies
  A worker ant zombie (D:6)
  33 adders
  8 gnolls
  49 river rats
  4 shadow imps
  2 giant mites
  A white imp (D:9)
  2 worms
  2 ufetubi
  6 giant geckos
  201 orcs
  A bat skeleton (D:8)
  A bat zombie (D:5)
  26 hobgoblins
  25 kobolds
  16 quokkas
  5 ball pythons
  23 bats
  6 giant cockroaches
  3 giant newts
  30 goblins
  2 goblin skeletons (D:9)
  3 goblin zombies (D:9)
  2 hobgoblin skeletons (D:9)
  2 hobgoblin zombies (D:9)
  8 jackals
  2 orc skeletons (D:9)
  14 orc zombies (D:9)
  A quokka zombie (D:8)
  20 rats
  A rat zombie (D:5)
  7 ballistomycetes
  2 bushes (Elf:3)
  10 crawling corpses
  10 fungi
  11 plants
2895 creatures vanquished.

Vanquished Creatures (others)
  A lich (Vaults:5)
  A deep troll (Depths:4)
  A giant leech (Swamp:5)
  A bog body (Swamp:4)
  2 humans (Swamp:4)
  2 boggarts
  4 lost souls
  A giant newt (D:6)
  6 giant spores
  32 eldritch tentacle segments (Vaults:5)
  3 fungi
  A plant (Swamp:5)
55 creatures vanquished.

Grand Total: 2950 creatures vanquished

Notes
Turn   | Place    | Note
--------------------------------------------------------------
     0 | D:1      | ztt, the Minotaur Fighter, began the quest for the Orb.
     0 | D:1      | Reached XP level 1. HP: 19/19 MP: 1/1
   147 | D:1      | Reached XP level 2. HP: 25/27 MP: 1/1
   200 | D:1      | Reached skill level 4 in Shields
   321 | D:1      | You fall through a shaft!
   324 | D:2      | Reached XP level 3. HP: 33/33 MP: 2/2
   508 | D:2      | Reached XP level 4. HP: 40/40 MP: 2/2
  1019 | D:3      | Noticed Sigmund
  1035 | D:3      | Killed Sigmund
  1035 | D:3      | Reached skill level 1 in Dodging
  1035 | D:3      | Reached XP level 5. HP: 32/47 MP: 2/2
  1256 | D:3      | Found a blossoming altar of Fedhas.
  1556 | D:3      | Found a sacrificial altar of Ru.
  2103 | D:4      | Found a white marble altar of Elyvilon.
  2103 | D:4      | Found a runed door.
  2103 | D:4      | Noticed an angel
  2111 | D:4      | Noticed a centaur
  2117 | D:4      | Killed a centaur
  2117 | D:4      | Reached skill level 5 in Fighting
  2117 | D:4      | Reached skill level 5 in Shields
  2117 | D:4      | Reached XP level 6. HP: 54/56 MP: 3/3
  2425 | D:5      | Entered Level 5 of the Dungeon
  2563 | D:5      | Noticed Pikel
  2788 | D:5      | Found a glowing drain.
  2828 | D:5      | Found a sparkling altar of Nemelex Xobeh.
  3240 | D:5      | Reached skill level 5 in Armour
  3303 | D:5      | Killed Pikel
  3303 | D:5      | Reached skill level 5 in Axes
  3303 | D:5      | Reached skill level 1 in Stealth
  3303 | D:5      | Reached skill level 6 in Shields
  3303 | D:5      | Reached XP level 7. HP: 46/62 MP: 3/3
  3392 | D:5      | Found an opulent altar of Gozag.
  3398 | D:5      | Found an iron altar of Okawaru.
  3402 | D:5      | Became a worshipper of Warmaster Okawaru
  3559 | D:6      | Reached XP level 8. HP: 62/70 MP: 3/3
  3599 | D:6      | Reached skill level 7 in Shields
  3805 | D:6      | Noticed Natasha
  3924 | D:6      | Killed Natasha
  4566 | D:6      | Noticed Natasha
  4573 | D:6      | Killed Natasha
  4667 | D:6      | Noticed Natasha
  4676 | D:6      | Killed Natasha
  4764 | D:6      | Reached skill level 8 in Shields
  5409 | D:7      | Acquired Okawaru's first power
  5415 | D:7      | Reached XP level 9. HP: 57/79 MP: 4/4
  5437 | D:7      | Found a radiant altar of Vehumet.
  5543 | D:7      | Found an ancient bone altar of Kikubaaqudgha.
  5877 | D:7      | Found a staircase to the Ecumenical Temple.
  5883 | Temple   | Entered the Ecumenical Temple
  6286 | D:7      | Found a shadowy altar of Dithmenos.
  6287 | D:7      | Found a white marble altar of Elyvilon.
  6291 | D:7      | Found a glowing silver altar of Zin.
  6408 | D:7      | Reached skill level 9 in Shields
  6677 | D:8      | Found a staircase to the Lair.
  7135 | D:9      | Found a burning altar of Makhleb.
  7138 | D:9      | Found a glowing golden altar of the Shining One.
  7141 | D:9      | Found a snail-covered altar of Cheibriados.
  7258 | D:9      | Reached XP level 10. HP: 81/90 MP: 4/4
  7260 | D:9      | Found a staircase to the Orcish Mines.
  7399 | D:9      | Noticed Eustachio
  7429 | D:9      | Killed Eustachio
  7549 | D:9      | Reached skill level 10 in Axes
  7589 | D:9      | Noticed Psyche
  7596 | D:9      | Killed Psyche
  7636 | D:9      | Found Amalugh's Serpentskin Sales.
  7650 | D:9      | Reached skill level 10 in Shields
  7774 | D:9      | Bought an uncursed ring of poison resistance for 340 gold pieces
  7851 | D:10     | Entered Level 10 of the Dungeon
  8478 | D:10     | Reached skill level 11 in Axes
  8537 | D:11     | Acquired Okawaru's second power
  8548 | D:11     | Reached XP level 11. HP: 52/99 MP: 4/4
  8891 | D:11     | Found a frozen archway.
  8983 | D:11     | Noticed a cyan ugly thing
  9002 | D:11     | Killed a cyan ugly thing
  9002 | D:11     | Received a gift from Okawaru
  9233 | D:11     | Reached skill level 10 in Fighting
  9297 | D:11     | You fall through a shaft!
  9333 | D:12     | Reached skill level 12 in Axes
  9343 | D:12     | Found a blossoming altar of Fedhas.
  9663 | D:12     | Reached skill level 10 in Armour
  9701 | D:12     | Noticed a centaur warrior
  9714 | D:12     | Noticed an eight-headed hydra
 10071 | D:12     | Noticed a skeletal warrior
 10078 | D:12     | Noticed a skeletal warrior
 10085 | D:12     | Killed a skeletal warrior
 10095 | D:12     | Killed a skeletal warrior
 10095 | D:12     | Reached skill level 13 in Axes
 10419 | D:12     | Noticed a skeletal warrior
 10451 | D:12     | Killed a skeletal warrior
 10517 | D:12     | Received a gift from Okawaru
 10628 | D:12     | Reached XP level 12. HP: 83/110 MP: 5/5
 10794 | D:12     | Noticed Joseph
 10803 | D:12     | Killed Joseph
 11144 | D:12     | Noticed a hill giant
 11149 | D:12     | Killed a hill giant
 11888 | D:12     | Identified a scroll of acquirement
 11912 | D:12     | Noticed a hill giant
 11914 | D:12     | Killed a hill giant
 11923 | D:12     | Killed a centaur warrior
 12242 | D:12     | Noticed a six-headed hydra
 12253 | D:12     | Killed a six-headed hydra
 13049 | D:11     | Found Shou's Distillery.
 13153 | D:12     | Killed a 14-headed hydra
 13153 | D:12     | Reached skill level 14 in Axes
 13167 | D:12     | Received a gift from Okawaru
 13288 | D:12     | Killed an unseen horror
 13288 | D:12     | Reached skill level 1 in Invocations
 13428 | D:13     | Noticed a catoblepas
 13440 | D:13     | Killed a catoblepas
 13961 | D:13     | Noticed a centaur warrior
 13975 | D:13     | Killed a centaur warrior
 13975 | D:13     | Reached XP level 13. HP: 83/118 MP: 7/7
 14907 | D:14     | Received a gift from Okawaru
 14980 | D:14     | Reached skill level 15 in Axes
 15289 | D:14     | Noticed Erica
 15300 | D:14     | Killed Erica
 15300 | D:14     | Received a gift from Okawaru
 15513 | D:14     | Reached skill level 5 in Dodging
 15845 | D:14     | Found an opulent altar of Gozag.
 16128 | D:14     | Found a gate to the Vaults.
 16138 | D:14     | Reached skill level 16 in Axes
 16310 | D:15     | Entered Level 15 of the Dungeon
 16529 | D:15     | Found a staircase to the Depths.
 16658 | D:15     | Reached XP level 14. HP: 118/129 MP: 7/7
 16767 | D:15     | Received a gift from Okawaru
 17410 | Depths:1 | Entered Level 1 of the Depths
 17545 | Depths:1 | Noticed a lich
 17548 | Depths:1 | Paralysed by a lich for 2 turns
 17559 | Depths:1 | Killed a lich
 17657 | Depths:1 | Noticed a lich
 17665 | Depths:1 | Killed a lich
 17824 | Depths:1 | Received a gift from Okawaru
 18085 | Depths:1 | Found a gateway to Hell.
 18198 | Depths:1 | Reached skill level 17 in Axes
 18542 | Depths:1 | Noticed an octopode crusher
 18543 | Depths:1 | Noticed an octopode crusher
 18569 | Depths:1 | Killed an octopode crusher
 18569 | Depths:1 | Received a gift from Okawaru
 18603 | Depths:1 | Noticed an orc warlord
 18603 | Depths:1 | Noticed an orc warlord
 18637 | Depths:1 | Got a dazzling battleaxe {god gift}
 19109 | Depths:1 | Noticed an octopode crusher
 19119 | Depths:1 | Noticed an octopode crusher
 19154 | Depths:1 | HP: 5/132 [octopode crusher's throw (17)]
 19176 | Depths:1 | Noticed a tengu reaver
 19176 | Depths:1 | Noticed a tengu reaver
 19760 | Lair:1   | Entered Level 1 of the Lair of Beasts
 20066 | Lair:1   | Identified the +4 battleaxe of Intimidation {freeze, Stlth+} (Okawaru gifted it to you on level 1 of the Depths)
 20484 | Lair:2   | Reached XP level 15. HP: 124/138 MP: 10/10
 20803 | Lair:2   | Noticed Fannar
 20837 | Lair:2   | Killed Fannar
 21457 | Lair:3   | Reached skill level 15 in Shields
 22280 | Lair:4   | Found a staircase to the Swamp.
 22367 | Lair:4   | Received a gift from Okawaru
 22372 | Lair:4   | Reached skill level 18 in Axes
 23079 | Lair:5   | Found a staircase to the Snake Pit.
 23162 | Lair:5   | Found a blossoming altar of Fedhas.
 24254 | Lair:6   | Found a staircase to the Slime Pits.
 24255 | Lair:6   | Found a viscous altar of Jiyva.
 25294 | Lair:7   | Received a gift from Okawaru
 25424 | Lair:7   | Reached skill level 19 in Axes
 25594 | Lair:7   | Received a gift from Okawaru
 25918 | Lair:7   | Reached skill level 15 in Fighting
 26215 | Lair:7   | Received a gift from Okawaru
 26459 | Lair:8   | Entered Level 8 of the Lair of Beasts
 27203 | Lair:8   | Reached XP level 16. HP: 133/149 MP: 10/10
 28216 | Orc:1    | Entered Level 1 of the Orcish Mines
 28298 | Orc:1    | Found a bloodstained altar of Trog.
 28968 | Orc:2    | Reached skill level 20 in Axes
 29304 | Orc:3    | Found a staircase to the Elven Halls.
 29372 | Orc:3    | Found a roughly hewn altar of Beogh.
 29776 | Orc:4    | Entered Level 4 of the Orcish Mines
 29785 | Orc:4    | Noticed Saint Roka
 29821 | Orc:4    | Killed Saint Roka
 30214 | Orc:4    | Received a gift from Okawaru
 30270 | Orc:4    | Found Froklel's Assorted Antiques.
 30270 | Orc:4    | Found Oduidouh's Jewellery Shoppe.
 30307 | Orc:4    | Found Ihuad's Antique Armour Shoppe.
 30307 | Orc:4    | Found Zoilep's Assorted Antiques.
 30324 | Orc:4    | Bought a pair of embroidered gloves for 108 gold pieces
 30324 | Orc:4    | Bought a pair of embroidered gloves for 108 gold pieces
 30348 | Orc:4    | Bought a potion of curing for 90 gold pieces
 30348 | Orc:4    | Bought a potion of heal wounds for 150 gold pieces
 30349 | Orc:4    | Bought an uncursed amulet of resist mutation for 600 gold pieces
 30349 | Orc:4    | Bought an uncursed amulet of resist corrosion for 300 gold pieces
 30965 | Snake:1  | Entered Level 1 of the Snake Pit
 31116 | Snake:1  | Got a bound pewter ring
 31118 | Snake:1  | Identified the ring "Shriteta" {rPois MP+9 Str+3} (You found it on level 1 of the Snake Pit)
 32070 | Snake:2  | Reached skill level 21 in Axes
 32132 | Snake:2  | Received a gift from Okawaru
 32334 | Snake:2  | Received a gift from Okawaru
 33129 | Snake:2  | Received a gift from Okawaru
 33322 | Snake:3  | Reached XP level 17. HP: 140/158 MP: 12/12
 33421 | Snake:3  | Noticed Aizul
 33459 | Snake:3  | Killed Aizul
 35680 | Snake:4  | Received a gift from Okawaru
 35680 | Snake:4  | Reached skill level 1 in Crossbows
 35715 | Snake:4  | Reached skill level 15 in Armour
 36168 | Snake:5  | Entered Level 5 of the Snake Pit
 36174 | Snake:5  | Reached skill level 22 in Axes
 37076 | Snake:5  | Reached XP level 18. HP: 168/168 MP: 16/16
 37098 | Snake:5  | Received a gift from Okawaru
 37256 | Snake:5  | Got a serpentine rune of Zot
 37878 | Snake:5  | Received a gift from Okawaru
 38309 | Swamp:1  | Entered Level 1 of the Swamp
 38387 | Swamp:1  | Reached skill level 23 in Axes
 38730 | Swamp:1  | Reached skill level 5 in Crossbows
 39301 | Swamp:2  | Received a gift from Okawaru
 40334 | Swamp:3  | Noticed Agnes
 40343 | Swamp:3  | Killed Agnes
 40361 | Swamp:3  | Noticed Roxanne
 41029 | Swamp:3  | Killed Roxanne
 41112 | Swamp:4  | Noticed Wiglaf
 41131 | Swamp:4  | Killed Wiglaf
 41177 | Swamp:4  | Reached XP level 19. HP: 177/177 MP: 17/17
 41197 | Swamp:4  | Noticed Kirke
 41208 | Swamp:4  | Killed Kirke
 41374 | Swamp:4  | Reached XP level 20. HP: 184/184 MP: 18/18
 41437 | Swamp:4  | Received a gift from Okawaru
 41870 | Swamp:5  | Entered Level 5 of the Swamp
 41878 | Swamp:5  | Reached skill level 24 in Axes
 41986 | Swamp:5  | Noticed the 27-headed Lernaean hydra
 42010 | Swamp:5  | Killed the 27-headed Lernaean hydra
 42010 | Swamp:5  | Received a gift from Okawaru
 42163 | Swamp:5  | Got a decaying rune of Zot
 42278 | Swamp:5  | Received a gift from Okawaru
 43464 | Elf:1    | Entered Level 1 of the Elven Halls
 43472 | Elf:1    | Noticed Razmath's ghost (powerful SpAs)
 43477 | Elf:1    | Killed Razmath's ghost
 43685 | Elf:1    | Got a twitching pewter ring
 43690 | Elf:1    | Identified the ring of Trofer {Ice Int+3 Dex+4} (You took it off a deep elf knight on level 1 of the Elven Halls)
 43956 | Elf:1    | Found Ongadgh's Book Shoppe.
 44326 | Elf:1    | Received a gift from Okawaru
 45036 | Elf:2    | Found a huge runed gate.
 45036 | Elf:2    | Found a huge runed gate.
 45036 | Elf:2    | Found a huge runed gate.
 45037 | Elf:2    | Found a huge runed gate.
 45039 | Elf:2    | Found a huge runed gate.
 45160 | Elf:2    | Reached skill level 25 in Axes
 45351 | Elf:2    | Reached skill level 10 in Crossbows
 45404 | Elf:2    | Noticed Azrael
 45412 | Elf:2    | Killed Azrael
 45412 | Elf:2    | Reached XP level 21. HP: 194/194 MP: 19/19
 45622 | Elf:3    | Entered Level 3 of the Elven Halls
 45823 | Elf:3    | Received a gift from Okawaru
 46439 | Elf:3    | Cast into the Abyss (a deep elf sorcerer)
 46476 | Elf:3    | Escaped the Abyss
 46499 | Elf:3    | Received a gift from Okawaru
 46888 | Elf:3    | Received a gift from Okawaru
 46892 | Elf:3    | Got a pair of spiked boots {god gift}
 46903 | Elf:3    | Identified the +2 pair of boots of Proximity {rF- Str+8 Int-2} (Okawaru gifted it to you on level 3 of the Elven Halls)
 47349 | Elf:3    | Noticed Asterion
 47371 | Elf:3    | Killed Asterion
 47779 | Orc:2    | Reached skill level 26 in Axes
 48025 | Vaults:1 | Entered Level 1 of the Vaults
 48292 | Depths:1 | Killed an octopode crusher
 48301 | Depths:1 | Killed an octopode crusher
 48502 | Depths:1 | Killed a tengu reaver
 48552 | Depths:1 | Killed an orc warlord
 48654 | Depths:1 | Found a shadowy altar of Dithmenos.
 48872 | Depths:1 | Killed an orc warlord
 49297 | Depths:2 | Received a gift from Okawaru
 49309 | Depths:2 | Reached XP level 22. HP: 155/204 MP: 19/19
 49370 | Depths:2 | Got a pair of steaming boots {god gift}
 49381 | Depths:2 | Identified the +0 pair of boots of Okawaru's Favour {Str+6 Dex+2} (Okawaru gifted it to you on level 2 of the Depths)
 49390 | Depths:2 | Paralysed by a sphinx for 6 turns
 50442 | Depths:3 | Reached skill level 27 in Axes
 51098 | Depths:3 | Found a one-way gate leading to the halls of Pandemonium.
 51319 | Depths:3 | Received a gift from Okawaru
 51515 | Depths:3 | Paralysed by a sphinx for 4 turns
 51821 | Depths:4 | Received a gift from Okawaru
 52068 | Depths:4 | Got a transparent pewter ring
 52069 | Depths:4 | Identified the ring "Mapt" {rF+ rC- rN+ MR+ Int+10} (You found it on level 4 of the Depths)
 52175 | Depths:4 | Paralysed by a great orb of eyes for 2 turns
 52199 | Depths:4 | Paralysed by something for 3 turns
 52222 | Depths:4 | Paralysed by something for 5 turns
 52739 | Depths:4 | Reached XP level 23. HP: 211/216 MP: 20/20
 52988 | Depths:4 | Paralysed by a sphinx for 3 turns
 53017 | Depths:4 | Received a gift from Okawaru
 53105 | Depths:4 | Got a dazzling broad axe {god gift}
 53106 | Depths:4 | Identified the +10 broad axe "Perrirphe" {pain, rElec rN++ Str+4 Int-3} (Okawaru gifted it to you on level 4 of the Depths)
 53185 | Depths:4 | Noticed Mennas
 53221 | Depths:4 | Killed Mennas
 53560 | Depths:4 | Found a one-way gate to the infinite horrors of the Abyss.
 53587 | Depths:4 | Found a gateway to a ziggurat.
 53603 | Depths:4 | Noticed a shard shrike
 53603 | Depths:4 | a titan changed into a shard shrike
 53607 | Depths:4 | a shard shrike changed into a titan
 53608 | Depths:4 | Noticed a shard shrike
 53608 | Depths:4 | a titan changed into a shard shrike
 53612 | Depths:4 | a shard shrike changed into a titan
 54018 | Depths:5 | Entered Level 5 of the Depths
 54022 | Depths:5 | Received a gift from Okawaru
 54051 | Depths:5 | Received a gift from Okawaru
 54142 | Depths:5 | Found a sparkling altar of Nemelex Xobeh.
 54626 | Depths:5 | Found a runed door.
 54626 | Depths:5 | Found a runed door.
 54720 | Depths:5 | Found a runed door.
 54741 | Depths:5 | Found a runed door.
 54753 | Depths:5 | Found a runed door.
 54753 | Depths:5 | Found a runed door.
 54879 | Depths:5 | Received a gift from Okawaru
 54908 | Depths:5 | Found a gate to the Realm of Zot.
 55449 | Depths:2 | Reached XP level 24. HP: 200/231 MP: 20/20
 55681 | Vaults:1 | Noticed Jorgrun
 55689 | Vaults:1 | Killed Jorgrun
 56915 | Vaults:2 | Received a gift from Okawaru
 57047 | Vaults:2 | Found a staircase to the Crypt.
 57117 | Vaults:2 | Received a gift from Okawaru
 57160 | Vaults:2 | Found Ife Deus' Assorted Antiques.
 57169 | Vaults:2 | Bought a scroll of brand weapon for 540 gold pieces
 57886 | Vaults:3 | Reached skill level 15 in Crossbows
 57930 | Vaults:3 | Noticed Xtahua
 57938 | Vaults:3 | Killed Xtahua
 58011 | Vaults:3 | Found an iron altar of Okawaru.
 58028 | Vaults:3 | Found Banacry's Book Boutique.
 58567 | Vaults:3 | Noticed Jory
 58585 | Vaults:3 | Killed Jory
 58954 | Vaults:3 | Noticed Boris
 58964 | Vaults:3 | Killed Boris
 59365 | Vaults:4 | Received a gift from Okawaru
 59391 | Vaults:4 | Noticed Donald
 59399 | Vaults:4 | Killed Donald
 59574 | Vaults:4 | Found Fakos' Antique Weapon Shop.
 59821 | Vaults:4 | Reached XP level 25. HP: 243/243 MP: 21/21
 60334 | Vaults:5 | Entered Level 5 of the Vaults
 60397 | Vaults:5 | Noticed an ancient lich
 60406 | Vaults:5 | Killed an ancient lich
 60425 | Vaults:5 | Received a gift from Okawaru
 60796 | Vaults:5 | Received a gift from Okawaru
 61180 | Vaults:5 | Received a gift from Okawaru
 61194 | Vaults:5 | Got a shimmering crystal plate armour
 61205 | Vaults:5 | Identified the +10 crystal plate armour of the Five Beggars {+Blink rF- MR+ rCorr Dex-4} (You found it on level 5 of the Vaults)
 61229 | Vaults:5 | Got a silver rune of Zot
 61779 | Vaults:5 | Found Phace's Antique Weapon Emporium.
 62050 | Vaults:5 | Reached XP level 26. HP: 256/256 MP: 23/23
 62753 | Slime:1  | Entered Level 1 of the Pits of Slime
 62769 | Slime:1  | Received a gift from Okawaru
 62774 | Slime:1  | Gained mutation: Your spells are a little easier to cast, but a little less powerful. [a shining eye]
 63082 | Slime:3  | Gained mutation: Your magical capacity is low (-10% MP). [a shining eye]
 63087 | Slime:3  | Gained mutation: Your body is slowly deteriorating. [a shining eye]
 63089 | Slime:3  | Gained mutation: You are dopey. (Int -2) [a shining eye]
 63161 | Slime:6  | Entered Level 6 of the Pits of Slime
 63193 | Slime:6  | Gained mutation: Potions and wands are less effective at restoring your health. [a shining eye]
 63197 | Slime:6  | Gained mutation: Your magical capacity is very low (-20% MP). [a shining eye]
 63202 | Slime:6  | Gained mutation: Your body is deteriorating. [a shining eye]
 63299 | Slime:6  | Noticed the royal jelly
 63330 | Slime:6  | Killed the royal jelly
 63338 | Slime:6  | Slain by an azure jelly

Action                   |  1- 3 |  4- 6 |  7- 9 | 10-12 | 13-15 | 16-18 | 19-21 | 22-24 | 25-27 || total
-------------------------+-------+-------+-------+-------+-------+-------+-------+-------+-------++-------
Melee: War axe           |    61 |   251 |   410 |   715 |       |       |       |       |       ||  1437
       Broad axe         |       |       |       |   167 |  1208 |  1419 |  1179 |  1627 |   676 ||  6276
       Flail             |       |       |       |    11 |     9 |   650 |    24 |       |       ||   694
Invok: Heroism           |       |       |       |     4 |     4 |     6 |     1 |       |     1 ||    16
       Finesse           |       |       |       |       |       |     3 |     1 |       |     2 ||     6
Evoke: Wand              |       |       |       |     5 |       |       |       |       |       ||     5
  Use: Scroll            |     2 |     5 |     6 |    11 |    20 |    10 |     9 |    13 |     2 ||    78
       Potion            |       |       |     1 |     3 |     3 |     1 |     1 |     1 |     6 ||    16
 Stab: Distracted        |       |       |       |       |     1 |       |       |       |       ||     1
       Confused          |       |       |       |       |       |     2 |       |       |       ||     2
  Eat: Meat ration       |       |     1 |       |     1 |     1 |     1 |       |       |       ||     4
       Chunk             |       |     1 |       |     4 |    11 |    21 |     7 |     3 |       ||    47
       Bread ration      |       |     1 |     1 |     1 |     1 |     2 |     5 |     9 |     3 ||    23
       Pizza             |       |       |     7 |       |     4 |     1 |       |     1 |       ||    13
       Beef jerky        |       |       |     1 |     4 |     4 |     5 |     1 |     1 |       ||    16
       Fruit             |       |       |       |     3 |     8 |     9 |     1 |     3 |       ||    24
       Royal jelly       |       |       |       |       |     2 |     3 |     1 |     1 |     1 ||     8
